montu, chaotic male human Wizard ----------- ----- ###..G@)%%%%.| ---...--- # #% |hGGG)GoGh. |......<| --------#######+.o...%GoG| |.......+###############--......--### ----------- |...[...| #####.......*.|# |.......+########### |........|## -|------- #........\|## # ###|........|## # # ----------## ## ######### ####### -|----- ## ####%### |....*| #-----#### ## |...>..#####|....###### |.....| # |...| ------- ##+...-#### ----- montu the Wizard Experience level: 6 Strength: 11 Dexterity: 13 Constitution: 6 Intelligence: 19 Wisdom: 14 Charisma: 9 Health: 0(42) Energy: 49(66) Def: 7 Gold: 750 Moves: 2848 Dungeon seed [set]: Game ID: montu_1700832357 Your Inventory: Coins $ - 750 gold pieces Weapons s - an uncursed +0 elven dagger (weapon in hand) H - a cursed -3 dagger Armor e - a blessed +0 cloak of magic resistance (being worn) n - a blessed +2 studded leather armor (being worn) q - an uncursed +0 pair of gauntlets of dexterity (being worn) Scrolls t - 2 uncursed scrolls of scare monster Rings g - a cursed ring of teleportation A - an uncursed ring of teleport control Wands i - an uncursed wand of slow monster (0:7) w - an uncursed wand of secret door detection (0:13) Tools b - an uncursed bag of holding f - an uncursed leash y - an uncursed sack J - an uncursed sack Contents of the bag of holding: a blessed +1 quarterstaff a [uncursed] lichen corpse a [uncursed] melon a [blessed] scroll of blank paper a [uncursed] scroll of blank paper a [uncursed] scroll of destroy armor a [uncursed] scroll of enchant armor a [uncursed] scroll of identify a [uncursed] scroll of light a [blessed] scroll of magic mapping a [cursed] scroll of stinking cloud a [uncursed] scroll of teleportation a blessed spellbook of force bolt an uncursed spellbook of healing a [uncursed] potion of booze a [cursed] potion of gain energy a [blessed] potion of oil a [uncursed] potion of sickness a [uncursed] potion of water an uncursed wand of nothing (0:6) Spells and supernatural/magical abilities: Name Level Category Fail Memory a - force bolt 1 attack 0% 86% h - healing 1 healing 0% 86% W - pray for help -- divine ? -- Your skills at the end: Miscellaneous Skills wands [Basic] stealth [Skilled] Weapon Skills dagger [Basic] quarterstaff [Basic] Spellcasting Skills attack spells [Basic] enchantment spells [Basic] Final Attributes: You were piously aligned. You were magic-protected. Your writing hand was thoroughly cramped from overuse. You were somewhat stealthy. You were lucky. You are dead. Vanquished creatures: 2 gnome kings 2 bugbears a rock piercer a pony a fog cloud 2 gnome lords a gnomish wizard a paper golem 3 giant ants a kitten a dwarf 2 iguanas an orc zombie a hobbit 3 acid blobs 2 geckos 3 hobgoblins 4 giant rats 4 cave spiders a yellow mold a red mold a gnome 2 garter snakes a gnome zombie 3 jackals 2 kobolds 2 newts a goblin 9 grid bugs 3 lichens a kobold zombie 63 creatures vanquished. Voluntary challenges: You did not adorn yourself with jewelry or accessories. You did not cause conflict. You were not invisible. You did not have reflection. You were not displaced. You did not donate to any temples.. You used a wielded weapon 59 times, starting on turn 6. You did not apply a unicorn horn. You did not use plumbed fixtures. You did not drink any magical draughts. You read items or engraved 8 times, starting on turn 1818. You never genocided any monsters. You never polymorphed an object. You never changed form. You used no wishes. You did not use any artifacts. You never split a pudding. You wrote Elbereth's name 8 times, starting on turn 1818. You never violated your personal moral code. Dungeon overview: The Dungeons of Doom: levels 1 to 6 Level 1 a long staircase Level 2 some fountains Level 3 a vault a long staircase Level 4 Level 5 a fountain Level 6 <- You were here a bench, a throne History has recorded: On T:1 you entered the Dungeons of Doom to retrieve the Amulet of Yendor! On T:406 you reached level 2 of The Dungeons of Doom. On T:540 you advanced to experience level 2. On T:926 you reached level 3 of The Dungeons of Doom. On T:1009 you advanced to experience level 3. On T:1339 you reached level 4 of The Dungeons of Doom. On T:1525 you advanced to experience level 4. On T:1658 you reached level 5 of The Dungeons of Doom. On T:1737 you prayed to Anhur. On T:2355 you reached level 6 of The Dungeons of Doom. On T:2359 you advanced to experience level 5. On T:2773 you unlocked the orcish race by entering a throne room. On T:2773 you unlocked the race option by entering a throne room. On T:2773 you unlocked the showrace option by entering a throne room. On T:2840 you advanced to experience level 6. Score breakdown: Gold: 750 ( 75 points) Experience: 6 levels ( 500 points) Exploration: 6 levels ( 150 points) Discoveries: 20 items ( 1000 points) Variety of kills: 31 monsters ( 1550 points) Major goal: (nothing yet) ( 0 points) Survival: died (score multiplied by 3) Total score: 9825 Latest messages: The spell hits the gnome king! You kill the gnome king! The spell hits the bugbear! You kill the bugbear! The gnome lord wields a crossbow! The gnome lord turns to flee! The kobold turns to flee! The spell hits the kobold! You kill the kobold! The spell hits the gnome! You kill the gnome! The gnome lord wields a curved sword! You see here a hobgoblin corpse. The gnome lord punches you! The gnome lord swings his curved sword at you. The gnome lord hacks you! You stab the gnome lord. The gnome lord swings his bow at you. The gnome lord hits! The gnome lord punches you! (3x) You die... The sack is empty. (2x) Final status: Goodbye montu the Wizard, killed by a gnome lord... You died in The Dungeons of Doom on dungeon level 6 with 9825 points, and 750 pieces of gold, after 2848 moves. You were level 6 with a maximum of 42 hit points when you died.